Map: Ulrena

Players

Aan - Winner!

  • Race: Terran Terran
  • League: Diamond

LilDicky

  • Race: Terran Terran
  • League: Diamond

VOD

http://www.twitch.tv/tumescentpie

Description

Time

  • Played on: Dec. 10, 2015, 9:36 a.m.
  • Length: 2:54
Show
View Real Time Build Order
Export as new Build Order

Aan Terran - Winner!

Build Orders:  

Get SALT Encoding   

  12  0:01  SCV  
  13  0:13  SCV  
  14  0:18  Supply Depot  
  14  0:25  SCV  
  15  0:29  Refinery  
  15  0:40  SCV  
  16  0:45  Barracks  
  16  0:52  SCV  
  17  1:05  Barracks  
  17  1:08  SCV  
  18  1:20  SCV  
  19  1:36  Reaper  
  20  1:41  Supply Depot  
  20  1:47  Orbital Command  
  19  2:10  Supply Depot  
  19  2:13  Reaper  
  19  2:14  Reaper  
  21  2:16  SCV  
  22  2:46  Supply Depot  
Show
View Real Time Build Order
Export as new Build Order

LilDicky Terran 

Build Orders:  

Get SALT Encoding   

  12  0:03  SCV  
  13  0:15  SCV  
  13  0:19  Supply Depot  
  14  0:27  SCV  
  15  0:40  SCV  
  16  0:43  Barracks  
  16  0:45  Refinery  
  16  0:52  SCV  
  17  1:04  SCV  
  17  1:10  Refinery  
  18  1:20  SCV  
  19  1:30  Supply Depot  
  19  1:42  Barracks x2  
  19  1:45  Reaper  
  20  2:03  Orbital Command  
  20  2:17  Reaper  
Tags
 
Add a new tag
Caveats
  • Supply blocks, unpowered buildings, or Contaminate may cause inaccurate times.
  • Supply counts are checked every 10 seconds.